 Dungeon Crawl Stone Soup version 0.29.1-15-g9cfb28693d (webtiles) character file.

Game seed: 9743703581028266560

44 Amplified the Firebug (level 3, 0/26 HPs)
             Began as a Demonspawn Fire Elementalist on Apr 28, 2023.
             Was an Initiate of Uskayaw.
             Succumbed to an adder's poison
             ... on level 4 of the Dungeon.
             The game lasted 00:04:51 (2497 turns).

Amplified the Firebug (DsFE)                        Turns: 2497, Time: 00:04:52

Health: 0/26       AC:  2    Str:  8    XL:     3   Next: 39%
Magic:  6/6        EV: 12    Int: 16    God:    Uskayaw [......]
Gold:   123        SH:  0    Dex: 15    Spells: 5/6 levels left

rFire   + . .      SeeInvis .   d - +0 short sword
rCold   + . .      Faith    .   (no shield)
rNeg    . . .      Spirit   .   a - +0 robe
rPois   .          Reflect  .   (no helmet)
rElec   .          Harm     .   c - scarf {rC+ rF+}
rCorr   .          Rampage  .   (no gloves)
Will    .....                   (no boots)
Stlth   ++........              (no amulet)
HPRegen 0.08/turn               (no ring)
MPRegen 0.10/turn               (no ring)

@: lethally poisoned (0 -> -3)
A: demonic magic 1, demonic touch 1
a: Renounce Religion


You were on level 4 of the Dungeon.
You worshipped Uskayaw.
Uskayaw was noncommittal.
You visited 1 branch of the dungeon, and saw 4 of its levels.

You collected 123 gold pieces.

Inventory:

Hand Weapons
 d - a +0 short sword (weapon)
Missiles
 f - 9 poisoned darts
Armour
 a - a +0 robe (worn)
 c - a scarf of resistance (worn)
Scrolls
 e - 2 scrolls of torment
 g - a scroll of enchant armour


   Skills:
 * Level 1.6 Fighting
 * Level 1.3 Armour
 * Level 2.3 Dodging
 - Level 1.7 Stealth
 - Level 2.0 Spellcasting
 - Level 1.0 Conjurations
 - Level 2.7 Fire Magic


You had 5 spell levels left.
You knew the following spells:

 Your Spells              Type           Power      Damage    Failure   Level
a - Foxfire               Conj/Fire      28%        2x1d5     10%         1

Your spell library contained the following spells:

 Spells                   Type           Power      Damage    Failure   Level
 Scorch                   Fire           20%        2d6       10%         2
 Conjure Flame            Conj/Fire      7%         6-21      28%         3
 Inner Flame              Hex/Fire       6%         N/A       34%         3
 Flame Wave               Conj/Fire      7%         2d5       67%         4


Dungeon Overview and Level Annotations

Branches:
Dungeon (4/15)
 Temple: D:4-7

Altars:
Makhleb
Sif Muna
Uskayaw

Annotations:
D:3 Robin, Sigmund


Innate Abilities, Weirdness & Mutations

Spells you cast may paralyse adjacent enemies.
Your touch may inflict minor irresistible damage on your foes.


Message History

Okay, then.
The air fills with toxic fumes!
As you read the scroll labelled NUATU LAURUFF, it crumbles to dust.
It was a scroll of poison.
You feel sick. The adder barely misses you.
As you read the scroll labelled YSEJOI EWNUE, it crumbles to dust.
It is a scroll of amnesia.
Forget Foxfire, freeing 1 spell level for a total of 6?
Really abort (and waste the scroll)?
Okay, then.
You feel sick. The adder bites you but does no damage.
Unknown command.
Okay, then.
Okay, then.
Okay, then.
You completely miss the adder.
The adder is heavily wounded.
You feel sick.
You are no longer poisoned.
The adder bites you.
* * * LOW HITPOINT WARNING * * *
You are lethally poisoned!
The adder poisons you! The adder barely misses you.
Okay, then.
You hit the adder. Your touch misses the adder.
The adder is severely wounded.
* * * LOW HITPOINT WARNING * * *
You feel sick. The adder closely misses you.
You can now stomp with the beat.
Unknown command.
You stomp with the beat, sending a shockwave through the revellers around you!
You kill the adder!
You can no longer stomp with the beat.
* * * LOW HITPOINT WARNING * * *
You feel sick.
Unknown command.
Unknown command.
Unknown command.
Okay, then.
Magic courses through your body.
You die...

#.#
#.#
#.#
#.#
#.#
#.#
####☼#
#§.§§#
#@####
#☼#
#§#
#§#
#☼#
#§#
#§#
#§#
#.#


There were no monsters in sight!

Vanquished Creatures
  An adder (D:4)
  An ufetubus (D:4)
  A bat (D:1)
  An endoplasm (D:2)
  A giant cockroach (D:1)
  11 goblins
  A hobgoblin (D:3)
  A quokka (D:4)
  4 ball pythons
  2 frilled lizards (D:1)
  A kobold (D:4)
  2 rats
27 creatures vanquished.

Vanquished Creatures (others)
  A goblin (D:3)
  4 foxfires
5 creatures vanquished.

Grand Total: 32 creatures vanquished

Notes
Turn   | Place    | Note
-------+----------+-------------------------------------------
     0 | D:1      | Amplified the Demonspawn Fire Elementalist began the quest
                  | for the Orb.
     0 | D:1      | Reached XP level 1. HP: 13/13 MP: 3/3
   165 | D:1      | Found a faded altar of an unknown god.
   235 | D:1      | Prayed at the altar of an unknown god.
   235 | D:1      | Became a worshipper of Uskayaw the Reveller
   235 | D:1      | Reached * piety under Uskayaw
   987 | D:1      | Gained mutation: Your touch may inflict minor irresistible
                  | damage on your foes. [demonic ancestry]
   987 | D:1      | Reached XP level 2. HP: 16/20 MP: 5/5
  1634 | D:2      | Reached ** piety under Uskayaw
  1636 | D:2      | Reached skill level 1 in Fighting
  1849 | D:2      | Noticed an ogre
  2019 | D:3      | Noticed Sigmund
  2083 | D:3      | Found a burning altar of Makhleb.
  2083 | D:3      | Noticed Robin
  2094 | D:3      | Reached *** piety under Uskayaw
  2096 | D:3      | Reached skill level 1 in Armour
  2158 | D:4      | Gained mutation: Spells you cast may paralyse adjacent
                  | enemies. [demonic ancestry]
  2158 | D:4      | Reached XP level 3. HP: 12/26 MP: 6/6
  2198 | D:4      | Found a shimmering blue altar of Sif Muna.
  2496 | D:4      | HP: 1/26 [poisoned by an adder]
  2497 | D:4      | Succumbed to an adder's poison

Illustrated notes

Levels and vault maps discovered:
D:1:      dpeg_arrival_lava_altar, layout_loops_ring,
          dreamdust_ecumenical_altar_hidden_monk_grotto, minivault_19,
          nicolae_hexahallways, chequers_serial_rivers_micro_a
D:2:      layout_basic
D:3:      layout_rooms, bloody_makhleb, cheibrodos_sewer_entry_bend,
          uniq_sigmund, uniq_pargi, uniq_robin
D:4:      layout_basic, mainiacjoe_overflow_alcove_4, minmay_manual_moon

Skill      XL: |  1  2 |
---------------+-------+-----
Dodging        | 2 |  2.3
Fighting       | 1 |  1.6
Armour         | 1 |  1.3
Stealth        | |  1.7
Spellcasting   | |  2.0
Conjurations   | |  1.0
Fire Magic     | |  2.7

Action                   || total
-------------------------++-------
Melee: Short sword       ||    71
       Unarmed           ||     2
       Punch             ||     1
       Touch             ||     7
 Cast: Foxfire           ||     3
Invok: Stomp             ||     3
  Use: Scroll            ||    10
       Potion            ||     4
 Stab: Invisible         ||     1
       Paralysed         ||     1
       Sleeping          ||     1
Armor: Robe              ||    11
Dodge: Dodged            ||    52
